 Dungeon Crawl Stone Soup version 0.30.0-5-g1a98f26d00 (webtiles) character file.

Game seed: 9036137268965443137

11545 Demosthentine the Fighter (level 11, -1/80 HPs)
             Began as a Demonspawn Gladiator on May 12, 2023.
             Was a Believer of Hepliaklqana.
             Slain by Amaemon
             ... wielding a +0 demon whip of venom
              (9 damage)
             ... on level 9 of the Dungeon.
             The game lasted 00:11:58 (9173 turns).

Demosthentine the Fighter (Demonspawn Gladiator)    Turns: 9173, Time: 00:12:00

Health: -1/80      AC: 19    Str: 17    XL:     11   Next: 50%
Magic:  16/16      EV: 19    Int:  9    God:    Hepliaklqana [**....]
Gold:   729        SH:  0    Dex: 23    Spells: 10/10 levels left

rFire   . . .        b - +4 trident (venom)
rCold   . . .        (no shield)
rNeg    . . .        D - +0 troll leather armour
rPois   .            c - +0 helmet
rElec   .            v - +1 cloak
rCorr   .            q - +1 pair of gloves
SInv    .            (no boots)
Will    .....        (no amulet)
Stlth   ++           t - +6 ring of dexterity
HPRegen 1.13/turn    (no ring)
MPRegen 0.15/turn

%: no passive effects
@: lethally poisoned (-1 -> -17), sanguine armoured, slowed, very slow
A: reduced essence, hooves 1, demonic guardian 1, sanguine armour 2, demonic
magic 3
a: Renounce Religion, Recall Ancestor, Ancestor Identity


You were on level 9 of the Dungeon.
You worshipped Hepliaklqana.
Hepliaklqana was pleased with you.
You visited 2 branches of the dungeon, and saw 10 of its levels.
You also visited: Sewer.

You collected 729 gold pieces.

Inventory:

Hand Weapons
 a - a +1 trident of draining
 b - a +4 trident of venom (weapon)
Missiles
 d - a throwing net (quivered)
 e - a javelin
 j - 27 poisoned darts
 m - 2 curare-tipped darts
Armour
 c - a +0 helmet (worn)
 g - a +0 buckler
 q - a +1 pair of gloves (worn)
 v - a +1 cloak (worn)
 D - a +0 troll leather armour (worn)
Jewellery
 t - a +6 ring of dexterity (left hand)
 A - a +6 ring of intelligence
Wands
 o - a wand of digging (3)
 u - a wand of flame (8)
 y - a wand of iceblast (30)
 F - a wand of charming (5)
Scrolls
 r - a scroll of enchant armour
 w - a scroll of blinking
 B - a scroll of fog
Potions
 f - a potion of curing
 h - 2 potions of resistance
 i - a potion of mutation
 k - a potion of berserk rage
 l - a potion of attraction
 n - 5 potions of haste
 p - a potion of ambrosia
 s - 2 potions of brilliance
 x - a potion of might
 C - a potion of flight


   Skills:
 + Level 9.5 Fighting
 + Level 8.9 Polearms
 - Level 1.7 Throwing
 - Level 6.0 Armour
 + Level 8.9 Dodging
 + Level 2.1 Shields
 + Level 7.9 Invocations


You had 10 spell levels left.
You didn't know any spells.
Your spell library contained the following spells:

 Spells                   Type           Power      Damage    Failure   Level
 Freeze                   Ice            0%         1d3       43%         1
 Scorch                   Fire           0%         2d5       58%         2
 Frozen Ramparts          Ice            0%         1d1       82%         3
 Gell's Gravitas          Tloc           0%         N/A       82%         3
 Hailstorm                Conj/Ice       0%         3d3       82%         3
 Teleport Other           Tloc           0%         N/A       82%         3
 Anguish                  Hex/Necr       0%         N/A       99%         4
 Flame Wave               Conj/Fire      0%         2d4       99%         4
 Dispersal                Tloc           0%         N/A       100%        6
 Summon Cactus Giant      Summ           0%         N/A       100%        6
 Enfeeble                 Hex            0%         N/A       100%        7


Dungeon Overview and Level Annotations

Branches:
Dungeon (9/15)             Temple (1/1) D:6           Sewer (visited)
   Lair: D:8-11         Orc: D:9-12

Altars:
Ashenzari
Cheibriados
Dithmenos
Fedhas
Gozag
Hepliaklqana
Kikubaaqudgha
Makhleb
Nemelex Xobeh
Okawaru
Qazlal
Ru
Sif Muna
Trog
Uskayaw
Vehumet
Wu Jian
Xom
Yredelemnul

Shops:
D:5 [

Annotations:
D:9 Amaemon


Innate Abilities, Weirdness & Mutations

Your life essence is reduced to manifest your ancestor. (-10% HP)
You have large cloven feet.
A weak demonic guardian rushes to your aid.
When seriously injured, your blood forms thick armour. (AC +9)
Spells you cast and wands you use may paralyse nearby enemies.


Message History

Amaemon says, "Afraid of a little sting?"
Amaemon casts a spell at the orange demon.
The orange demon seems to grow toxic.
The orange demon stings you from afar.
You are more poisoned.
You have difficulty breathing.
You feel yourself slow down.
You closely miss Amaemon. You kick Amaemon.
Amaemon is heavily wounded.
You feel extremely sick.
Your shadow imp hits Amaemon.
The orange demon stings you from afar.
* * * LOW HITPOINT WARNING * * *
You are lethally poisoned!
You have difficulty breathing.
* * * LOW HITPOINT WARNING * * *
A demonic guardian appears!
You feel as though you will be slow longer.
Amaemon mumbles some strange words.
Ingiyab misses Amaemon.
You feel better.
Ingiyab closely misses Amaemon.
Your shadow imp misses Amaemon.
The orange demon closely misses you. Amaemon hits you but does no damage.
You are poisoned.
Amaemon completely misses you. Amaemon closely misses you.
Ingiyab hits Amaemon with a +0 dagger of draining!
Ingiyab closely misses Amaemon.
Your shadow imp hits Amaemon.
Amaemon hits Ingiyab with a +0 demon whip of venom.
Amaemon misses Ingiyab.
Amaemon tail-slaps Ingiyab.
The orange demon stings you but does no damage.
You closely miss Amaemon. You kick Amaemon, but do no damage.
Amaemon is severely wounded.
You feel very sick. The scorpion closely misses you.
Ingiyab barely misses Amaemon.
Ingiyab hits Amaemon with a +0 dagger of draining!
Your shadow imp barely misses Amaemon.
The scorpion stings you but does no damage.
The orange demon barely misses you.
Amaemon hits you with a +0 demon whip of venom!
* * * LOW HITPOINT WARNING * * *
You are lethally poisoned!
Amaemon claws you!
You die...

#.##############
### #.....# ###
#.....# ..#
#.....#...#
#.....#...#
#.##..'...#
#.....#...#
#..55.# ###
#.##@R+ #..s65#
#..4..# #.##..#
#. ...# # ...#
##.# .#


You could see the friendly Ingiyab the hexer, Amaemon (extremely poisoned, ally
target), an orange demon (curare), a scorpion (summoned), a friendly iron imp
(summoned) and 2 friendly shadow imps.

Vanquished Creatures
  An ogre mage (D:9)
  3 two-headed ogres (D:9)
  Pikel (D:9)
  2 cyclopes
  A kobold demonologist (D:9)
  3 trolls (D:9)
  6 yaks (D:8)
  A wyvern (D:8)
  A steam dragon (D:9)
  2 wargs (D:9)
  2 water moccasins
  9 orc warriors
  2 black bears
  3 ogres (D:5)
  A lemure (D:9)
  A phantom (D:7)
  2 kobold brigands
  5 gnoll sergeants
  3 bullfrogs
  5 scorpions
  4 wights
  4 killer bees
  2 howler monkeys (D:9)
  3 jellies
  Crazy Yiuf (D:4)
  5 hounds
  8 orc priests
  5 gnoll boudas (D:9)
  2 iguanas
  2 sleepcaps
  Ijyb (D:4)
  5 orc wizards
  17 gnolls
  8 adders
  A river rat (D:4)
  A shadow imp (D:5)
  A white imp (D:8)
  An ufetubus (D:4)
  4 worms
  2 dart slugs
  21 orcs
  9 bats
  3 bat zombies (D:9)
  7 endoplasms
  4 giant cockroaches
  4 goblins
  8 hobgoblins
  3 jackals
  7 quokkas
  9 ball pythons
  A frilled lizard (D:1)
  12 kobolds
  5 rats
  A rat zombie (D:9)
225 creatures vanquished.

Vanquished Creatures (collateral kills)
  A two-headed ogre (D:9)
  A kobold demonologist (D:9)
  A yak (D:8)
  A warg (D:9)
  A sky beast (D:8)
  A lemure (D:9)
  A centaur (D:6)
  A kobold brigand (D:9)
  3 wights
  2 orc wizards (D:9)
  An adder (D:6)
  A white imp (D:8)
15 creatures vanquished.

Vanquished Creatures (others)
  5 ancestors
5 creatures vanquished.

Grand Total: 245 creatures vanquished

Notes
Turn   | Place    | Note
-------+----------+-------------------------------------------
     0 | D:1      | Demosthentine the Demonspawn Gladiator began the quest for
                  | the Orb.
     0 | D:1      | Reached XP level 1. HP: 16/16 MP: 1/1
   106 | D:1      | Gained mutation: You have large cloven feet. [demonic
                  | ancestry]
   106 | D:1      | Reached XP level 2. HP: 22/22 MP: 2/2
   544 | D:2      | Reached skill level 1 in Armour
   544 | D:2      | Gained mutation: When seriously injured, your blood forms
                  | armour. (AC +9) [demonic ancestry]
   544 | D:2      | Reached XP level 3. HP: 23/28 MP: 3/3
  1251 | D:2      | Reached XP level 4. HP: 34/34 MP: 4/4
  1629 | D:2      | Reached skill level 3 in Fighting
  1688 | D:3      | Gained mutation: When seriously injured, your blood forms
                  | thick armour. (AC +9) [demonic ancestry]
  1688 | D:3      | Reached XP level 5. HP: 41/41 MP: 5/5
  2366 | D:4      | Gained mutation: Spells you cast may paralyse adjacent
                  | enemies. [demonic ancestry]
  2366 | D:4      | Reached XP level 6. HP: 33/47 MP: 6/6
  2623 | D:4      | Found a glowing drain.
  2645 | Sewer    | Entered a sewer
  2723 | Sewer    | Noticed a water moccasin
  2746 | Sewer    | Killed a water moccasin
  2747 | Sewer    | Reached skill level 4 in Fighting
  2754 | Sewer    | HP: 2/48 [poisoned by a water moccasin]
  3084 | D:4      | Gained mutation: Spells you cast may paralyse nearby
                  | enemies. [demonic ancestry]
  3084 | D:4      | Reached XP level 7. HP: 47/54 MP: 7/7
  3386 | D:4      | Noticed Ijyb
  3402 | D:4      | Killed Ijyb
  3594 | D:4      | Found a runed translucent door.
  3595 | D:4      | Noticed Crazy Yiuf
  3971 | D:4      | Killed Crazy Yiuf
  3999 | D:5      | Entered Level 5 of the Dungeon
  4030 | D:5      | Found Zankoir's Antique Armour Shop.
  4193 | D:5      | Reached skill level 5 in Fighting
  4193 | D:5      | Reached skill level 5 in Polearms
  4193 | D:5      | Reached skill level 5 in Dodging
  4246 | D:5      | Gained mutation: A weak demonic guardian rushes to your
                  | aid. [demonic ancestry]
  4246 | D:5      | Reached XP level 8. HP: 62/62 MP: 8/8
  5026 | D:6      | Found a staircase to the Ecumenical Temple.
  5081 | Temple   | Entered the Ecumenical Temple
  5544 | Temple   | Became a worshipper of Hepliaklqana the Forgotten
  5845 | D:6      | Noticed a cyclops
  6221 | D:6      | Found a shadowy altar of Dithmenos.
  6229 | D:6      | Killed a cyclops
  6230 | D:6      | Reached skill level 6 in Fighting
  6230 | D:6      | Reached skill level 5 in Armour
  6230 | D:6      | Reached XP level 9. HP: 45/69 MP: 9/9
  6775 | D:7      | Reached * piety under Hepliaklqana
  7439 | D:8      | Reached skill level 7 in Fighting
  7495 | D:8      | Reached skill level 1 in Invocations
  7678 | D:8      | Reached XP level 10. HP: 52/71 MP: 10/12
  8323 | D:9      | Reached skill level 8 in Fighting
  8470 | D:9      | Reached skill level 5 in Invocations
  8529 | D:9      | Noticed a two-headed ogre
  8529 | D:9      | Noticed a two-headed ogre
  8540 | D:9      | Killed a two-headed ogre
  8655 | D:9      | Noticed a two-headed ogre
  8667 | D:9      | Killed a two-headed ogre
  8725 | D:9      | Noticed a sun demon
  8729 | D:9      | Gained mutation: Spells you cast and wands you use may
                  | paralyse nearby enemies. [demonic ancestry]
  8729 | D:9      | Reached XP level 11. HP: 52/78 MP: 15/15
  8779 | D:9      | Reached skill level 9 in Fighting
  8866 | D:9      | Killed a two-headed ogre
  8877 | D:9      | Noticed an ogre mage
  8880 | D:9      | Paralysed by an ogre mage for 2 turns
  8887 | D:9      | Killed an ogre mage
  8888 | D:9      | Reached skill level 1 in Shields
  8897 | D:9      | Noticed a two-headed ogre
  8910 | D:9      | Killed a two-headed ogre
  9077 | D:9      | Noticed Pikel
  9099 | D:9      | Killed Pikel
  9107 | D:9      | Reached ** piety under Hepliaklqana
  9108 | D:9      | Remembered your ancestor Ingiyab as a hexer
  9142 | D:9      | Found an ancient bone altar of Kikubaaqudgha.
  9159 | D:9      | Noticed Amaemon
  9173 | D:9      | Slain by Amaemon

Illustrated notes

Levels and vault maps discovered:
D:1:      doesnt_arrival_eight_statues, layout_loops_ring,
          chequers_serial_rivers_small_a
D:2:      minmay_spotlight, layout_basic
D:3:      layout_loops_cross
D:4:      minmay_chambers_of_twos, layout_basic,
          mainiacjoe_overflow_surrounded_room, serial_co_window_serial,
          co_window_paths_a, co_window_paths_a, co_window_cross_1,
          co_window_paths_a, co_window_paths_a, co_window_unsneaky_path_a,
          co_window_2corner, co_window_unsneaky_path_c, co_window_corner_b,
          co_window_broadway_b, co_window_4corner_b, glass_columns_a,
          glass_columns_c, glass_columns_c, glass_columns_a, glass_columns_a,
          portal_sewer_entry_b, uniq_ijyb, uniq_crazy_yiuf_cottage
D:5:      layout_rooms, serial_shops, shop_coins
D:6:      layout_loops_corners, minmay_temple_entry_offerings,
          hangedman_feature_mirror, minmay_misc_feat_chi
D:7:      layout_loops_ring, general_overflow_altar, minmay_misc_feat_x
D:8:      layout_basic
D:9:      lemuel_castle_with_subvaults [lemuel_castle_interior_carwin_3],
          layout_stronghold, lemuel_zombie_altar_kikubaaqudgha,
          kennysheep_generic_room_11, uniq_amaemon, uniq_pikel
Temple:   compressed_dpeg_triangle_lava_temple

Skill      XL: |  1  2  3  4  5  6  7  8  9 10 11 |
---------------+----------------------------------+-----
Polearms       | 3 4 5 6 7 8 |  8.9
Dodging        | 3 4 5 6 7 8 |  8.9
Armour         | 1 2 3 5 6 |  6.0
Fighting       | 3 4 5 6 7 8 9 |  9.5
Invocations    | 2 6 7 |  7.9
Shields        | 2 |  2.1
Throwing       | |  1.7

Action                     |  1- 3 |  4- 6 |  7- 9 | 10-12 || total
---------------------------+-------+-------+-------+-------++-------
  Melee: Trident           |    99 |   148 |   325 |   337 ||   909
         Kick              |    13 |    31 |    89 |    94 ||   227
         Punch             |     1 |     2 |     2 |     3 ||     8
  Throw: Throwing net      |       |     2 |     4 |       ||     6
 Invoke: Ancestor Life: He |       |       |       |     1 ||     1
    Use: Scroll            |     3 |     8 |    10 |     5 ||    26
         Potion            |       |     1 |     2 |     1 ||     4
   Stab: Sleeping          |     5 |     1 |     3 |       ||     9
         Held in net/web   |       |       |     2 |       ||     2
         Distracted        |       |       |     1 |     5 ||     6
         Confused          |       |       |       |     2 ||     2
 Armour: Leather armour    |    23 |    53 |   103 |    16 ||   195
         Troll leather arm |       |       |       |    42 ||    42
  Dodge: Dodged            |    46 |   103 |   205 |   225 ||   579
